 Dungeon Crawl Stone Soup version 0.23-a0-143-g1adec7b (webtiles) character file.

74 mopl the Chopper (level 4, -11/35 HPs)
             Began as a Formicid Monk on Sept 3, 2018.
             Was a Follower of Qazlal.
             Killed by nerve-wracking pain
             ... invoked by a shadow imp
             ... summoned by Natasha
              (13 damage)
             ... on level 2 of the Dungeon.
             The game lasted 00:01:54 (1299 turns).

mopl the Chopper (Formicid Monk)                    Turns: 1299, Time: 00:01:55

Health: -11/35     AC:  2    Str: 17    XL:     4   Next: 54%
Magic:  1/5        EV: 13    Int:  9    God:    Qazlal [*.....]
Gold:   110        SH:  2    Dex: 17    Spells: 3/3 levels left

rFire    . . .     SeeInvis +   a - +0 hand axe
rCold    . . .     Gourm    .   (no shield)
rNeg     . . .     Faith    .   b - +0 robe
rPois    .         Spirit   .   (helmet unavailable)
rElec    .         Reflect  .   (no cloak)
rCorr    .         Harm     .   (no gloves)
MR       .....                  (no boots)
Stlth    ++........             (no amulet)
HPRegen  0.11/turn              m - +4 ring of dexterity
MPRegen  0.09/turn              (no ring)

@: no status effects
A: permanent stasis, dig shafts and tunnels, four strong arms, antennae 3
a: Dig, Shaft Self, Renounce Religion


You were on level 2 of the Dungeon.
You worshipped Qazlal.
Qazlal was aware of your devotion.
You were not hungry.

You visited 1 branch of the dungeon, and saw 2 of its levels.

You collected 110 gold pieces.

Inventory:

Hand Weapons
 a - a +0 hand axe (weapon)
 k - a +2 dagger of speed
Missiles
 i - 11 bolts
 l - 35 arrows
Armour
 b - a +0 robe (worn)
Jewellery
 m - a +4 ring of dexterity (left hand)
 n - an uncursed ring of fire
Scrolls
 d - a scroll of identify {unknown}
 e - 2 scrolls of teleportation {unknown}
 f - 2 scrolls of blinking {unknown}
 g - 2 scrolls of remove curse {unknown}
Potions
 h - 3 potions of lignification {!q}
 o - a potion of flight {unknown}
 p - a potion of magic {unknown}
 q - a potion of heal wounds {unknown}
Comestibles
 c - 4 rations
 r - a chunk of flesh


   Skills:
 - Level 3.2 Fighting
 + Level 4.7 Axes
 - Level 2.6 Dodging
 - Level 2.4 Stealth
 + Level 1.5 Invocations


You had 3 spell levels left.
You didn't know any spells.
Your spell library was empty.

Dungeon Overview and Level Annotations

Branches:
Dungeon (2/15)

Altars:
Qazlal
Wu Jian

Annotations:
D:2 Natasha


Innate Abilities, Weirdness & Mutations

You cannot be hasted, slowed, berserked, paralysed or teleported.
You can dig through walls and to a lower floor.
Your four strong arms can wield two-handed weapons with a shield.
You have a pair of large antennae on your head. (SInv)


Message History

Unknown command.
You barely miss Natasha.
Natasha is moderately wounded.
You closely miss the shadow imp. Natasha casts a spell at you.
You resist with some effort. The shadow imp closely misses you.
It was a potion of lignification.
You turn into a tree.
Your +0 robe melds into your body.
Your roots penetrate the ground.
Natasha claws you but does no damage.
The shadow imp hits you but does no damage.
It was a potion of cancellation.
Your magical effects are unravelling.
You feel magically purged.
You feel less wooden.
Your +0 robe unmelds from your body.
Natasha casts a spell.
The shadow imp picks up a beetle and eats it.
The shadow imp gestures at you. Pain shoots through your body!
You die...

.... #### .... ....
..... %.# .....##.# ..
#.......########## ...
#....#...........###.###
#.......................
.....##§................
......h@................
.....#5§................
#..#.5#.................
........................
#.......................
##......................
#.###...######.#.......
.. #.......##.........
#..####.####÷#.#.)#


You could see an iron imp, Natasha and a shadow imp.

Vanquished Creatures
  Jessica (D:2)
  Natasha (D:2)
  A worm (D:1)
  A dart slug (D:1)
  A leopard gecko (D:2)
  A bat (D:1)
  3 goblins
  4 hobgoblins (D:1)
  A ball python (D:1)
  A frilled lizard (D:2)
  A kobold (D:1)
  4 rats
20 creatures vanquished.

Notes
Turn   | Place    | Note
-------+----------+-------------------------------------------
     0 | D:1      | mopl the Formicid Monk began the quest for the Orb.
     0 | D:1      | Reached XP level 1. HP: 18/18 MP: 1/1
   176 | D:1      | Reached XP level 2. HP: 20/24 MP: 2/2
   897 | D:2      | Noticed Jessica
   899 | D:2      | Found a stormy altar of Qazlal.
   912 | D:2      | Killed Jessica
   912 | D:2      | Reached skill level 4 in Axes
   912 | D:2      | Reached XP level 3. HP: 20/29 MP: 3/3
   919 | D:2      | Became a worshipper of Qazlal Stormbringer
   919 | D:2      | Reached * piety under Qazlal
   919 | D:2      | Reached ** piety under Qazlal
   959 | D:2      | Found an ornate altar of the Wu Jian Council.
   976 | D:2      | Noticed Natasha
  1193 | D:2      | Reached XP level 4. HP: 35/35 MP: 4/4
  1260 | D:2      | Killed Natasha
  1260 | D:2      | Reached skill level 1 in Invocations
  1281 | D:2      | Noticed Natasha
  1299 | D:2      | Killed from afar by a shadow imp

Vault maps used:
D:1:      giann_wishing_wells
D:2:      minmay_wonky_spiral, lemuel_coloured_pillars_altar,
          overflow_temple_1_default, marbit_many_paths, old_standard_altar,
          lemuel_crystal_altar, uniq_jessica, uniq_natasha

Skill      XL: |  1  2  3  4 |
---------------+-------------+-----
Axes           | 4 |  4.7
Invocations    | 1 |  1.5
Fighting       | |  3.2
Dodging        | |  2.6
Stealth        | |  2.4

Action                   |  1- 3 |  4- 6 || total
-------------------------+-------+-------++-------
Melee: Hand axe          |    64 |    21 ||    85
Invok: Upheaval          |       |     1 ||     1
  Use: Potion            |       |     2 ||     2
 Stab: Sleeping          |     4 |       ||     4
  Eat: Chunk             |     1 |       ||     1
Armor: Robe              |     7 |       ||     7
       Skin              |       |     2 ||     2
Dodge: Dodged            |    36 |    12 ||    48
Block: Other             |       |     2 ||     2

Table legend:
 A = Non-vault XP
 B = Vault XP
 C = Vault XP percentage of total XP
 D = Non-vault monster count
 E = Vault monster count
 F = Vault count percentage of total count
                 A         B        C        D         E       F
            +---------+---------+-------+---------+---------+-------
      Total |      35 |      72 |  67.3 |      18 |       2 |  10.0
            +---------+---------+-------+---------+---------+-------
        D:1 |      28 |       0 |   0.0 |      14 |       0 |   0.0
        D:2 |       7 |      72 |  91.1 |       4 |       2 |  33.3
            +---------+---------+-------+---------+---------+-------
